AoeStats
← 養成計畫

Arena

509949201Analyzed
2v2 RM · 3d ago on Sep 28, 2026· 53m 41s· 4 players
Game mode
Random Map
Map size
Medium (4 player)
Population
200
Speed
Normal
Resources
Standard
Victory
Conquest
Starting age
Dark Age
Ending age
Imperial Age
RankedLock teamsTeams togetherTeam positionsShared explorationLock speedFull tech treeHidden civsTurbo modeCheats
Victory
Defeat
🇦🇷 Celts · Argentina
1051
+17
🇦🇷 Poles · Argentina
1051
+17
🇹🇷 Italians · Türkiye
1090
-18
🇹🇷 Bohemians · Türkiye
1059
-16
Lannister
10:08 Feudal Age
14:45 Castle Age
14:59 Double-Bit Axe
14:56 Horse Collar
16:07 Bow Saw
20:19 Loom
21:11 Wheelbarrow
20:26 Loom
23:25 Hand Cart
25:47 Heavy Plow
29:05 Imperial Age
27:03 Stone Mining
27:04 Gold Mining
27:25 Scale Mail Armor
27:36 Forging
30:09 Iron Casting
29:50 Chain Mail Armor
30:00 Elite Obuch
31:03 Conscription
31:04 Lechitic Legacy
31:22 Hoardings
31:36 Stone Shaft Mining
31:51 Crop Rotation
32:08 Coinage
32:41 Blast Furnace
32:37 Plate Mail Armor
32:13 Scale Barding Armor
33:32 Banking
33:06 Caravan
33:19 Light Cavalry
34:13 Bloodlines
34:07 Husbandry
35:12 Masonry
35:14 Fortified Wall
35:09 Siege Engineers
35:26 Ballistics
36:13 Chemistry
34:49 Winged Hussar
36:03 Treadmill Crane
37:08 Chain Barding Armor
40:40 Squires
40:25 Arson
40:35 Fletching
40:46 Padded Archer Armor
41:54 Pikeman
46:00 Capped Ram
48:30 Siege Ram
養成計畫
11:08 Feudal Age
15:36 Castle Age
13:42 Double-Bit Axe
13:39 Horse Collar
14:55 Loom
15:31 Scale Mail Armor
26:26 Bow Saw
35:51 Imperial Age
33:57 Padded Archer Armor
33:48 Fletching
35:05 Bodkin Arrow
35:27 Leather Archer Armor
35:38 Gold Mining
35:53 Heavy Plow
36:32 Wheelbarrow
35:32 Elite Skirmisher
37:17 Ring Archer Armor
37:11 Ballistics
37:52 Chemistry
37:01 Siege Engineers
37:06 Masonry
37:37 Murder Holes
40:07 Hand Cart
48:50 Conscription
Babuali
3:10 Loom
11:59 Feudal Age
12:49 Double-Bit Axe
16:40 Castle Age
17:39 Wheelbarrow
18:53 Horse Collar
20:05 Heavy Plow
26:35 Bow Saw
27:02 Gold Mining
27:02 Stone Mining
27:08 Town Watch
27:38 Hand Cart
28:33 Town Patrol
32:13 Imperial Age
30:24 Ballistics
30:10 Fletching
30:20 Padded Archer Armor
30:54 Bodkin Arrow
31:52 Stone Shaft Mining
31:57 Leather Archer Armor
33:13 Conscription
33:57 Chemistry
33:00 Bracer
32:21 Elite Genoese Crossbowman
34:14 Ring Archer Armor
34:51 Crop Rotation
43:40 Forging
43:33 Scale Mail Armor
43:39 Scale Barding Armor
45:21 Murder Holes
48:15 Iron Casting
48:00 Chain Barding Armor
47:56 Chain Mail Armor
48:45 Bloodlines
48:38 Husbandry
48:02 Light Cavalry
48:40 Hussar
50:23 Blast Furnace
BurakHAN
5:05 Loom
13:26 Feudal Age
17:16 Castle Age
15:39 Double-Bit Axe
16:13 Horse Collar
18:33 Bow Saw
18:26 Heavy Plow
19:23 Fervor
20:34 Wheelbarrow
23:07 Wheelbarrow
26:18 Hand Cart
31:42 Imperial Age
29:15 Town Watch
30:48 Forging
30:38 Scale Mail Armor
30:31 Fletching
30:42 Padded Archer Armor
31:45 Chemistry
30:58 Fortified Wall
30:58 Pikeman
31:04 Pikeman
31:45 Squires
32:49 Iron Casting
32:21 Scale Barding Armor
32:34 Chain Mail Armor
36:04 Two-Man Saw
37:04 Blast Furnace
36:18 Bodkin Arrow
37:41 Plate Mail Armor
37:27 Leather Archer Armor
38:50 Conscription
38:56 Siege Engineers
39:13 Ballistics
41:08 Elite Hussite Wagon
43:02 Wagenburg Tactics
43:12 Bracer
43:25 Masonry
43:11 Murder Holes
43:29 Masonry
43:11 Halberdier
45:00 Ring Archer Armor
46:43 Town Patrol
47:30 Scale Barding Armor
47:30 Light Cavalry
48:16 Husbandry
48:44 Chain Barding Armor
Connection lost

Rejoining the realm…

Still unreachable

The connection could not be restored.

Session expired

The server has moved on; the page needs a fresh start.